 Dungeon Crawl Stone Soup version 0.17-a0-1614-g2062e81 (webtiles) character file.

395 Nakatomy the Caller (level 6, 0/32 HPs)
             Began as a Deep Elf Summoner on Aug 1, 2015.
             Slain by a mummy (18 damage)
             ... in an ossuary.
             The game lasted 00:25:16 (4549 turns).

Nakatomy the Caller (Deep Elf Summoner)             Turns: 4549, Time: 00:25:17

Health: 0/32       AC:  4    Str:  5    XL:     6   Next: 52%
Magic:  5/17       EV: 13    Int: 22    God:
Gold:   134        SH:  0    Dex: 15    Spells: 4 memorised, 7 levels left

rFire  . . .     SeeInvis .     a - +0 dagger
rCold  . . .     Clarity  .     n - +0 robe
rNeg   . . .     SustAt   .     (no shield)
rPois  .         Gourm    .     u - +0 helmet
rElec  .         Spirit   .     (no cloak)
rCorr  .         Warding  .     (no gloves)
rMut   +         Stasis   .     f - +0 pair of boots
MR     .....                    k - amulet of resist mutation
Stlth  ++........               (no ring)
                                (no ring)

@: not resistant to hostile enchantments, unstealthy
A: no striking features
a: no special abilities


You were in an ossuary.
You were hungry.

You visited 1 branch of the dungeon, and saw 6 of its levels.
You also visited: Ossuary.

You collected 134 gold pieces.

Inventory:

Hand weapons
 a - a +0 dagger (weapon)
Armour
 f - a +0 pair of boots (worn)
 h - a +0 robe
 l - a +0 robe
 n - a +0 robe (worn)
 u - a +0 helmet (worn)
Jewellery
 k - an amulet of resist mutation (around neck)
Magical devices
 c - a wand of disintegration (14)
 v - a wand of teleportation (4)
Scrolls
 d - 3 scrolls of remove curse {unknown}
 e - 2 scrolls of immolation {unknown}
 i - a scroll of enchant weapon {unknown}
 j - a scroll of blinking {unknown}
 p - a scroll of teleportation {unknown}
 q - a scroll of amnesia {unknown}
 s - 3 scrolls of identify {unknown}
Potions
 g - 2 potions of cure mutation {unknown}
 m - a potion of cancellation {unknown}
 o - a potion of mutation {unknown}
 t - a potion of flight {unknown}
 w - a potion of poison {unknown}
 x - a potion of berserk rage {unknown}
Books
 b - a book of Callings

   Spells                             Type                      Level
   a - Summon Small Mammal            Summoning                    1
   b - Call Imp                       Summoning                    2
   c - Call Canine Familiar           Summoning                    3
   d - Summon Guardian Golem          Hexes/Summoning              3
   e - Summon Lightning Spire         Summoning/Air                4
   f - Summon Ice Beast               Ice/Summoning                4
Comestibles
 r - a bread ration
 z - a meat ration


   Skills:
 - Level 2.4 Dodging
 - Level 2.4 Stealth
 + Level 6.1 Spellcasting
 * Level 7.3 Summonings


You had 7 spell levels left.
You knew the following spells:

 Your Spells              Type           Power        Failure   Level  Hunger
a - Summon Small Mammal   Summ           ####         1%          1    None
b - Call Imp              Summ           #####...     1%          2    None
c - Summon Guardian Gole  Hex/Summ       ###.....     8%          3    #......
d - Summon Ice Beast      Ice/Summ       ###.....     21%         4    ###....


Dungeon Overview and Level Annotations

Branches:
Dungeon (6/15)
 Temple: D:4-7

Altars:

Annotations:
D:5 Eustachio


Message History

Your crimson imp hits the elf zombie.
The elf zombie closely misses your crimson imp.
Your crimson imp disappears in a puff of smoke!
Your crimson imp hits the mummy.
Your bat hits the mummy.
Your crimson imp blinks!
Your crimson imp closely misses the elf zombie.
Your bat barely misses the mummy.
Your crimson imp blinks!
The elf zombie completely misses your crimson imp.
Your crimson imp closely misses the elf zombie.
Your bat closely misses the mummy.
The elf zombie barely misses your crimson imp.
Your crimson imp blinks!
Your bat closely misses the mummy.
You hit the mummy.
The mummy is heavily damaged.
Your bat hits the mummy but does no damage.
The mummy hits you!!
Ouch! That really hurt!
You die...

###########
#.#.#.#.#.#.#
.............# #####
.............# ##...##
.............###.....##
.............M@.......#
.................∩.∩..#
...........5..........#
........8..b5###.....##
........Z....# ##...##
...........5.# #####
.#.#.#.#.#.#.# # #
#########


You could see a mummy, an elf zombie, 3 friendly crimson imps and a friendly
bat.

Vanquished Creatures
  Natasha (D:3)
  A bat (D:3)
  A goblin (D:1)
  A hobgoblin zombie (Ossuary)
  4 rats
8 creatures vanquished.

Vanquished Creatures (collateral kills)
  A hungry ghost (D:5)
  Edmund (D:4)
  A giant frog (D:6)
  A human zombie (Ossuary)
  A hound (D:5)
  An iguana (D:4)
  An orc priest (D:3)
  Jessica (D:3)
  A worker ant (D:5)
  A big kobold zombie (Ossuary)
  A hound skeleton (D:4)
  3 adders
  4 gnolls (D:2)
  Natasha (twice) (D:3)
  An adder skeleton (D:5)
  A worm (D:3)
  3 giant geckos
  4 orcs (D:3)
  5 bats
  3 giant cockroaches
  2 hobgoblins (D:1)
  4 jackals (D:3)
  2 quokkas
  3 ball pythons
  A giant gecko skeleton (D:4)
  A giant newt (D:4)
  A gnoll zombie (Ossuary)
  4 goblins
  4 goblin zombies (Ossuary)
  2 hobgoblin zombies (Ossuary)
  3 kobolds (D:1)
  An orc zombie (Ossuary)
  3 rats
68 creatures vanquished.

Grand Total: 76 creatures vanquished

Notes
Turn   | Place    | Note
--------------------------------------------------------------
     0 | D:1      | Nakatomy the Deep Elf Summoner began the quest for the Orb.
     0 | D:1      | Reached XP level 1. HP: 10/10 MP: 6/6
   379 | D:1      | Reached XP level 2. HP: 15/15 MP: 4/8
   383 | D:1      | Learned a level 2 spell: Call Imp
   643 | D:2      | Reached skill level 5 in Summonings
   648 | D:2      | Reached XP level 3. HP: 11/19 MP: 1/10
   779 | D:2      | Learned a level 3 spell: Summon Guardian Golem
   918 | D:3      | Noticed Jessica
   937 | D:3      | Killed Jessica
  1203 | D:4      | Reached XP level 4. HP: 10/24 MP: 4/12
  1209 | D:4      | Learned a level 4 spell: Summon Ice Beast
  1775 | D:4      | Noticed Edmund
  1858 | D:3      | Noticed Natasha
  1882 | D:3      | Killed Natasha
  2182 | D:3      | HP: 1/24 [orc priest/club (2)]
  2191 | D:3      | Reached skill level 6 in Summonings
  2623 | D:3      | Reached skill level 5 in Spellcasting
  2949 | D:3      | Reached XP level 5. HP: 28/28 MP: 8/14
  2969 | D:3      | Noticed Natasha
  2985 | D:3      | Killed Natasha
  3148 | D:3      | Noticed Natasha
  3166 | D:3      | Killed Natasha
  3264 | D:4      | Killed Edmund
  3567 | D:5      | Entered Level 5 of the Dungeon
  3739 | D:5      | Noticed a hungry ghost
  3761 | D:5      | Killed a hungry ghost
  3761 | D:5      | Reached skill level 7 in Summonings
  3761 | D:5      | Reached XP level 6. HP: 28/32 MP: 16/16
  4220 | D:5      | Noticed Eustachio
  4325 | D:6      | Found a sand-covered staircase.
  4334 | Ossuary  | Entered an ossuary
  4549 | Ossuary  | Slain by a mummy

Vault maps used:
D:1:      ncdulo_wetmaze
D:2:      first_bread
D:3:      uniq_jessica, uniq_natasha
D:4:      uniq_edmund
D:5:      uniq_eustachio
D:6:      serial_shops, shop, nicolae_ossuary_entry_monument,
          dk_yredelemnul_ordeal, uniq_pikel
Ossuary:  minmay_ossuary_gauntlet

Action                   |  1- 3 |  4- 6 || total
-------------------------+-------+-------++-------
Melee: Unarmed           |    12 |       ||    12
       Dagger            |    28 |    93 ||   121
 Cast: Summon Small Mamm |    19 |    24 ||    43
       Call Imp          |    12 |    67 ||    79
       Summon Guardian G |     4 |    13 ||    17
 Stab: Distracted        |     1 |       ||     1
       Sleeping          |       |     1 ||     1
  Eat: Chunk             |       |     5 ||     5
       Bread ration      |       |     1 ||     1
       Pizza             |       |     1 ||     1
       Beef jerky        |       |     1 ||     1
